Map: Dusk Towers

Players

lesha - Winner!

  • Race: Terran Terran
  • League: Silver

Dropsel

  • Race: Terran Terran
  • League: Silver

VOD

Have the link to the VOD?

Description

Time

  • Played on: Dec. 22, 2015, 10:32 a.m.
  • Length: 10:29
Show
View Real Time Build Order
Export as new Build Order

lesha Terran - Winner!

Build Orders: Liberator Opening, MMM Bio 

Get SALT Encoding   

  12  0:01  SCV  
  13  0:13  SCV  
  14  0:18  Supply Depot  
  14  0:25  SCV  
  15  0:39  SCV  
  15  0:41  Barracks  
  16  0:51  SCV  
  17  0:58  Refinery  
  17  1:03  SCV  
  18  1:15  SCV  
  19  1:28  SCV, Marine  
  21  1:45  Orbital Command  
  21  1:46  Command Center, Marine  
  22  2:03  Factory  
  22  2:06  Refinery  
  22  2:09  Marine  
  23  2:19  Supply Depot  
  23  2:28  Barracks Reactor  
  23  2:40  SCV  
  24  2:47  Supply Depot  
  24  2:48  Factory Tech Lab  
  24  2:52  SCV  
  24  2:53  Starport  
  25  3:04  SCV  
  26  3:05  Orbital Command  
  26  3:07  Barracks  
  26  3:16  Marine x2  
  28  3:21  SCV  
  28  3:25  Liberator  
  29  3:33  SCV, Marine  
  29  3:34  Supply Depot, Marine  
  35  3:57  Factory Reactor  
  35  4:01  SCV  
  35  4:02  SCV  
  37  4:08  Marine x2  
  37  4:09  Barracks Reactor  
  39  4:13  SCV  
  39  4:14  SCV  
  41  4:22  Supply Depot, Refinery  
  41  4:25  SCV  
  41  4:26  SCV  
  43  4:44  SCV x2  
  45  4:49  Refinery  
  45  4:56  SCV x2  
  47  5:00  Engineering Bay x2  
  47  5:01  Barracks  
  47  5:02  Barracks  
  47  5:03  Supply Depot, Marine x3  
  47  5:04  Supply Depot, Marine  
  51  5:07  Supply Depot  
  51  5:17  SCV x2  
  53  5:25  Marine x2  
  53  5:26  Marine  
  56  5:29  SCV  
  56  5:30  SCV  
  56  5:34  Terran Infantry Weapons Level 1, Terran Infantry Armor Level 1  
  55  5:45  SCV x2  
  57  5:51  Command Center  
  58  5:57  SCV x2  
  58  5:58  Armory  
  58  6:03  Barracks Tech Lab  
  59  6:10  Marine x3  
  59  6:11  Marine  
  63  6:15  Factory Reactor  
  63  6:18  Marine  
  64  6:26  Stimpack  
  64  6:28  Marine  
  64  6:30  Marine x2  
  64  6:31  Marine x2  
  69  6:33  Medivac x2  
  69  6:36  Marine  
  69  6:38  SCV x2  
  76  6:45  Marine  
  77  6:48  Marine x2  
  77  6:50  SCV x2  
  77  6:51  Marine x2  
  77  6:54  Marine  
  84  7:03  Marine  
  84  7:05  Barracks  
  84  7:06  Marine x2  
  84  7:07  SCV, Barracks  
  84  7:08  SCV  
  89  7:19  SCV, Marine x3  
  89  7:20  SCV  
  89  7:21  Marine  
  95  7:24  Marine x2  
  95  7:25  Medivac x2  
  101  7:37  Marine x3  
  101  7:39  Terran Infantry Weapons Level 2, Marine  
  101  7:41  Terran Infantry Armor Level 2  
  101  7:42  Marine x2  
  107  7:55  Marine  
  107  7:56  Marine  
  107  7:57  Barracks Reactor x2  
  109  8:00  Command Center  
  109  8:02  Supply Depot  
  109  8:04  Supply Depot  
  109  8:05  Supply Depot  
  109  8:24  Medivac, Marine x6  
  109  8:25  Orbital Command, Medivac  
  119  8:27  SCV x2  
  119  8:33  Combat Shields  
  121  8:35  Marine x3  
  121  8:39  SCV x2  
  126  8:42  Marine x2  
  126  8:47  Refinery  
  128  8:49  Refinery  
  128  8:55  Supply Depot x2  
  128  8:57  Supply Depot, Marine x5  
  133  9:12  Marine x3  
  136  9:25  Orbital Command  
  136  9:33  Marine x3  
  136  9:34  Marine x7  
  136  9:36  Medivac x2  
  150  9:49  Supply Depot  
  150  9:51  Supply Depot, Marine x5  
  150  9:52  Marine x5  
  159  9:59  Missile Turret  
  160  10:00  Missile Turret  
  160  10:01  Missile Turret  
  164  10:09  Marine x4  
  165  10:14  Supply Depot  
  165  10:20  Missile Turret  
  132  10:24  Missile Turret  
Show
View Real Time Build Order
Export as new Build Order

Dropsel Terran 

Build Orders:  

Get SALT Encoding   

  12  0:01  SCV  
  13  0:14  SCV  
  14  0:26  SCV  
  15  0:33  Supply Depot  
  15  0:44  Refinery  
  15  0:54  SCV  
  16  0:57  Barracks  
  16  1:07  SCV  
  17  1:13  Supply Depot  
  17  1:19  SCV  
  17  1:23  Barracks  
  18  1:37  SCV, Engineering Bay  
  19  1:49  SCV  
  20  1:59  Barracks  
  20  2:01  Marine  
  19  2:06  Terran Infantry Weapons Level 1  
  20  2:11  Barracks Tech Lab  
  20  2:19  Marine  
  21  2:40  Command Center  
  21  2:50  Barracks Tech Lab  
  21  2:53  Barracks Reactor  
  21  2:56  Marine  
  22  3:04  Refinery  
  22  3:14  Marine, Orbital Command  
  22  3:18  Marine  
  24  3:30  Supply Depot  
  24  3:32  Marine  
  25  3:41  Factory  
  25  3:49  Marine x2  
  25  3:54  Combat Shields  
  27  4:06  Terran Infantry Armor Level 1  
  27  4:10  Missile Turret  
  27  4:11  SCV  
  28  4:20  Marine  
  28  4:24  SCV  
  30  4:33  Starport  
  30  4:36  Factory Tech Lab  
  30  4:39  SCV  
  30  4:44  Refinery  
  31  4:51  SCV, Refinery  
  32  5:01  Supply Depot  
  32  5:02  Marine  
  32  5:03  SCV  
  34  5:14  Siege Tank  
  34  5:15  SCV  
  27  5:30  SCV  
  28  5:38  SCV  
  28  5:42  SCV  
  30  5:48  Missile Turret  
  30  5:54  SCV  
  31  6:03  Missile Turret  
  31  6:06  SCV  
  31  6:07  SCV  
  31  6:11  Marine  
  36  6:18  SCV  
  36  6:19  SCV  
  36  6:22  Starport Reactor  
  36  6:25  Siege Tank  
  39  6:26  Marine x3  
  39  6:30  SCV  
  43  6:37  Armory  
  43  6:42  SCV  
  44  6:49  Supply Depot, Orbital Command  
  44  6:50  Supply Depot  
  44  6:58  Medivac  
  44  7:00  Medivac  
  48  7:16  Marine x2  
  48  7:17  Marine x2  
  52  7:25  Barracks  
  52  7:28  SCV  
  53  7:38  Medivac x2  
  53  7:40  SCV  
  58  7:52  SCV  
  58  7:54  SCV  
  60  7:59  Supply Depot  
  60  8:01  Supply Depot  
  60  8:04  SCV  
  61  8:05  Supply Depot  
  61  8:06  SCV  
  62  8:15  Marine x4  
  62  8:16  SCV  
  62  8:18  Medivac x2  
  71  8:22  Hellion  
  73  8:28  Barracks Reactor  
  73  8:33  Marine x3  
  76  8:40  Marine  
  77  8:43  Hellbat  
  79  8:48  Medivac  
  79  8:51  Marine x2  
  83  9:06  Siege Tank  
  86  9:16  Marine x4  
  86  9:17  Marine  
  90  9:20  Marauder  
  90  9:21  Concussive Shells  
  93  9:38  SCV  
  94  9:42  Marauder  
  96  9:50  SCV  
  96  9:52  Siege Tank  
  100  9:54  Medivac  
  102  10:05  SCV, Marine x3  
  106  10:09  Supply Depot  
  106  10:13  Supply Depot  
Tags
 
Composition
MMM Bio
Matchup
TvT
Race
Terran
Add a new tag
Caveats
  • Supply blocks, unpowered buildings, or Contaminate may cause inaccurate times.
  • Supply counts are checked every 10 seconds.